 Dungeon Crawl Stone Soup version 0.28.0-53-g5a82cb258f (webtiles) character file.

Game seed: 6608352752126885277

109 cbfl8 the Chopper (level 4, 0/35 (41) HPs)
             Began as a Hill Orc Monk on July 21, 2022.
             Slain by a hell rat (1 damage)
             ... in a sewer.
             The game lasted 00:03:20 (3599 turns).

cbfl8 the Chopper (Hill Orc Monk)                   Turns: 3599, Time: 00:03:21

HP:   0/35 (41)     AC:  9    Str: 15    XL:     4   Next: 89%
MP:   4/4           EV:  7    Int: 10    God:
Gold: 92            SH:  0    Dex: 13    Spells: 3/3 levels left

rFire   + . .      SeeInvis .   a - +0 hand axe
rCold   x . .      Faith    .   (no shield)
rNeg    . . .      Spirit   .   g - +0 chain mail
rPois   .          Reflect  .   k - +0 helmet
rElec   .          Harm     .   (no cloak)
rCorr   .          Rampage  .   (no gloves)
Will    .....                   (no boots)
Stlth   ..........              d - amulet of the acrobat
HPRegen 0.11/turn               f - ring of fire
MPRegen 0.09/turn               (no ring)

@: heavily drained, very slow
A: no striking features
a: no special abilities


You were in a sewer.
You visited 1 branch of the dungeon, and saw 3 of its levels.
You also visited: Sewer.

You collected 92 gold pieces.

Inventory:

Hand Weapons
 a - a +0 hand axe (weapon)
Armour
 b - a +0 robe
 g - a +0 chain mail (worn)
 k - a +0 helmet (worn)
Jewellery
 d - an amulet of the acrobat (around neck)
 f - a ring of fire (left hand)
 p - the ring of Kory {Str+6 Int+6}
   (You found it on level 2 of the Dungeon)

   [ring of intelligence]

   Str:       It affects your strength (+6).
   Int:       It affects your intelligence (+6).
Scrolls
 c - 2 scrolls of fog {unknown}
 e - a scroll of identify {unknown}
 h - a scroll of teleportation {unknown}
 i - a scroll of enchant weapon {unknown}
 j - a scroll of vulnerability {unknown}
 l - a scroll of brand weapon {unknown}
 n - a scroll of noise {unknown}
Potions
 o - a potion of mutation {unknown}


   Skills:
 + Level 4.7 Fighting
 + Level 5.4 Axes
 + Level 1.1 Armour
 + Level 2.7 Dodging
 + Level 2.0 Stealth


You had 3 spell levels left.
You didn't know any spells.
Your spell library was empty.

Dungeon Overview and Level Annotations

Branches:
Dungeon (3/15)              Sewer (1/1)

Altars:

Shops:
D:3 [

Annotations:
D:2 1 runed translucent door, Crazy Yiuf


Message History

You hit the river rat.
The river rat is almost dead.
The river rat bites you but does no damage.
You slash the river rat!
You kill the river rat!
You see here a river rat corpse.
You enter the shallow water.
Moving in this stuff is going to be slow.
You enter the shallow water.
Moving in this stuff is going to be slow.
HP restored.
You enter the shallow water.
Moving in this stuff is going to be slow.
You enter the shallow water.
Moving in this stuff is going to be slow.
You enter the shallow water.
Moving in this stuff is going to be slow.
You enter the shallow water.
Moving in this stuff is going to be slow.
You see here a river rat corpse.
You enter the shallow water.
Moving in this stuff is going to be slow.
You open the door.
A hell rat comes into view.
The hell rat roars deafeningly!
Found a fizzy white potion, 13 gold pieces, a puce potion and a ring mail.
Found a gate leading back out of this place.
Your unstable footing causes you to fumble your attack.
The hell rat bites you!
You feel drained.
You hit the hell rat.
The hell rat is lightly wounded.
The hell rat bites you!
* * * LOW HITPOINT WARNING * * *
You feel drained.
* * * LOW HITPOINT WARNING * * *
The hell rat bites you but does no damage.
It was a potion of curing.
You feel better. The hell rat bites you!
* * * LOW HITPOINT WARNING * * *
You feel drained.
You die...

#####
###≈.≈###
#.≈≈≈.≈≈#
##.≈≈≈≈≈≈##
#..≈###..≈#
##≈≈## ##≈≈##
#...# #≈≈≈#
#≈†## ##≈≈#
#≈@# #.≈#
#≈.r≈≈≈!∩#∩∩#
#≈.#≈≈≈$!#÷≈#
#.≈##≈.[##≈≈#
#.≈≈#≈≈≈#...#
##..##.##≈.##
#≈..###..≈#
##≈≈≈..≈.##
#.≈≈≈≈≈≈#


You could see a hell rat.

Vanquished Creatures
  4 adders
  A river rat (Sewer)
  2 worms (D:2)
  A dart slug (D:1)
  3 ball pythons
  2 endoplasms (D:1)
  3 giant cockroaches
  6 goblins
  4 hobgoblins
  8 quokkas
  5 bats
  2 frilled lizards (D:1)
  9 kobolds
  8 rats
58 creatures vanquished.

Notes
Turn   | Place    | Note
-------+----------+-------------------------------------------
     0 | D:1      | cbfl8 the Hill Orc Monk began the quest for the Orb.
     0 | D:1      | Reached XP level 1. HP: 19/19 MP: 1/1
   241 | D:1      | Reached XP level 2. HP: 26/27 MP: 2/2
  1197 | D:1      | Reached XP level 3. HP: 32/33 MP: 3/3
  2219 | D:2      | Reached skill level 5 in Axes
  2243 | D:2      | Reached XP level 4. HP: 9/40 MP: 4/4
  2704 | D:2      | Found a faded altar of an unknown god.
  2858 | D:2      | Found a runed translucent door.
  2859 | D:2      | Noticed Crazy Yiuf
  2904 | D:2      | Identified the ring of Kory {Str+6 Int+6}
  3094 | D:3      | Found Xakos's Armour Shoppe.
  3262 | D:3      | Reached skill level 1 in Armour
  3293 | D:3      | Found a glowing drain.
  3297 | Sewer    | Entered a sewer
  3599 | Sewer    | HP: 1/37 [hell rat (10)]
  3599 | Sewer    | Slain by a hell rat

Illustrated notes

Levels and vault maps discovered:
D:1:      dpeg_arrival_simpleton_b, layout_loops_corners
D:2:      layout_basic, shapermc_ecumenical_altar_venn, uniq_crazy_yiuf_cottage
D:3:      layout_basic, okawaru_trees_1, serial_shops, shop,
          gup_sewer_entry_spiral, minmay_between
Sewer:    sewer_hellmonk_bad_rat

Skill      XL: |  1  2  3  4 |
---------------+-------------+-----
Fighting       | 4 |  4.7
Stealth        | 2 |  2.0
Axes           | 5 |  5.4
Armour         | 1 |  1.1
Dodging        | |  2.7

Action                   |  1- 3 |  4- 6 || total
-------------------------+-------+-------++-------
Melee: Hand axe          |   126 |    96 ||   222
       Punch             |     2 |     1 ||     3
  Use: Potion            |       |     1 ||     1
 Stab: Sleeping          |     7 |       ||     7
Armor: Robe              |    11 |       ||    11
       Chain mail        |    23 |    46 ||    69
Dodge: Dodged            |    69 |    44 ||   113
